 Dungeon Crawl Stone Soup version 0.27.1-34-g3ba077fa99 (webtiles) character file.

Game seed: 12677244641873974202

26 Descartes the Grasshopper (level 3, -2/27 HPs)
             Began as a Formicid Warper on Jan 15, 2022.
             Slain by a gnoll (3 damage)
             ... on level 2 of the Dungeon.
             The game lasted 00:02:30 (1751 turns).

Descartes the Grasshopper (Formicid Warper)         Turns: 1751, Time: 00:02:31

Health: -2/27      AC:  3    Str: 16    XL:     3   Next: 22%
Magic:  6/6        EV: 11    Int: 12    God:
Gold:   50         SH:  0    Dex: 10    Spells: 6/6 levels left

rFire    . . .     SeeInvis +   a - +0 mace
rCold    . . .     Faith    .   (no shield)
rNeg     . . .     Spirit   .   b - +0 leather armour
rPois    .         Reflect  .   (helmet unavailable)
rElec    .         Harm     .   (no cloak)
rCorr    .         Rampage  .   (no gloves)
Will     .....                  (no boots)
Stlth    +.........             (no amulet)
HPRegen  0.09/turn              (no ring)
MPRegen  0.10/turn              (no ring)

@: no status effects
A: permanent stasis, dig shafts and tunnels, antennae 3, four strong arms
a: Dig, Shaft Self


You were on level 2 of the Dungeon.
You visited 1 branch of the dungeon, and saw 2 of its levels.

You collected 50 gold pieces.

Inventory:

Hand Weapons
 a - a +0 mace (weapon)
Missiles
 c - 5 boomerangs of dispersal (quivered)
 g - 44 stones
Armour
 b - a +0 leather armour (worn)
Scrolls
 d - 2 scrolls of immolation {unknown}
 e - a scroll of magic mapping {unknown}
 h - a scroll of enchant weapon {unknown}
 i - a scroll of identify {unknown}
 j - a scroll of noise {unknown}
Potions
 f - 3 potions of curing {unknown}


   Skills:
 - Level 2.1 Fighting
 - Level 2.0 Maces & Flails
 - Level 1.0 Throwing
 + Level 2.3 Armour
 - Level 1.7 Dodging
 - Level 2.1 Spellcasting
 + Level 3.3 Translocations


You had 6 spell levels left.
You didn't know any spells.
Your spell library contained the following spells:

 Spells                   Type           Power      Damage    Failure   Level
 Gell's Gravitas          Tloc           4%         N/A       24%         3
 Lesser Beckoning         Tloc           4%         N/A       24%         3
 Teleport Other           Tloc           9%         N/A       24%         3
 Manifold Assault         Tloc           9%         N/A       92%         5
 Blink                    Tloc           Unusable   N/A       N/A         2

Dungeon Overview and Level Annotations

Branches:
Dungeon (2/15)

Altars:


Innate Abilities, Weirdness & Mutations

You cannot be hasted, slowed, berserked, paralysed or teleported.
You can dig through walls and to a lower floor.
You have a pair of large antennae on your head. (SInv)
Your four strong arms can wield two-handed weapons with a shield.


Message History

A goblin comes into view. It is wielding a +0 dagger.
The goblin shouts!
You hit the worm but do no damage. The worm bites you but does no damage.
You hit the worm.
The worm is lightly wounded.
The ball python barely misses you. x2; The ball python misses you.
The ball python barely misses you.
You hit the worm.
The worm is lightly wounded.
The ball python bites you. The ball python grabs you.
The ball python constricts you. The worm barely misses you.
You thump the ball python!
You kill the ball python!
The worm barely misses you.
The gnoll shaman calls upon its god to speed up the gnoll.
The gnoll seems to speed up.
You hit the worm but do no damage.
The worm is lightly wounded.
The gnoll shaman barely misses you. The goblin hits you but does no damage.
The worm closely misses you.
You hit the gnoll shaman.
The gnoll shaman is lightly wounded.
The gnoll barely misses you.
The gnoll hits you from afar with a +0 halberd.
The gnoll shaman hits you with a +0 club!
The goblin closely misses you.
You hit the gnoll shaman.
The gnoll shaman is moderately wounded.
The gnoll hits you from afar with a +0 halberd.
The gnoll shaman calls down the wrath of its god upon you.
You resist with some effort.
The gnoll hits you from afar with a +0 halberd!
* * * LOW HITPOINT WARNING * * *
The worm closely misses you. The goblin hits you but does no damage.
The gnoll shaman calls upon its god to speed up the gnoll.
The gnoll seems to speed up.
The gnoll shaman hits you with a +0 club.
* * * LOW HITPOINT WARNING * * *
The gnoll hits you with a +0 club.
You die...

#...........# #.
#.[.........###..
#..##..<.........
###..##.##.......##.###.
......#...<.........$#.##
###...#..#.#..##........
#........)...........#
#...#..#.#..#####....#
#...?..#@#..#####.gg.###.
#.......g............gg..
#.#..#wg#.#.#####.<#
#.#..#.g.....# ##.#
#.......†....# ...
###>.###...#.# #..## #..#
......# #..# #..# .....#
#..# #.. .....# #..#


You could see a gnoll shaman, a worm, a gnoll (fast) and a goblin.

Vanquished Creatures
  A dart slug (D:1)
  2 endoplasms (D:1)
  4 goblins
  2 hobgoblins
  A kobold (D:1)
  4 ball pythons
  3 bats (D:1)
  4 frilled lizards
  2 rats (D:1)
23 creatures vanquished.

Notes
Turn   | Place    | Note
-------+----------+-------------------------------------------
     0 | D:1      | Descartes the Formicid Warper began the quest for the Orb.
     0 | D:1      | Reached XP level 1. HP: 16/16 MP: 3/3
   280 | D:1      | Reached XP level 2. HP: 15/22 MP: 5/5
   282 | D:1      | Reached skill level 3 in Translocations
   549 | D:1      | HP: 1/22 [kobold (1)]
   970 | D:1      | Reached XP level 3. HP: 25/27 MP: 6/6
  1749 | D:2      | HP: 1/27 [gnoll shaman (1)]
  1751 | D:2      | Slain by a gnoll

Illustrated notes

Levels and vault maps discovered:
D:1:      kennysheep_arrival_forest, layout_rooms, kennysheep_boxes
D:2:      layout_loops_ring, shapermc_ecumenical_altar_rom_forum,
          uniq_crazy_yiuf_cottage, uniq_natasha

Skill      XL: |  1  2 |
---------------+-------+-----
Translocations | 3 |  3.3
Armour         | 2 |  2.3
Fighting       | |  2.1
Maces & Flails | |  2.0
Throwing       | |  1.0
Dodging        | |  1.7
Spellcasting   | |  2.1

Action                   || total
-------------------------++-------
Melee: Mace              ||    97
Armor: Leather armour    ||    42
Dodge: Dodged            ||    85
